 Dungeon Crawl Stone Soup version 0.23-a0-208-gb6b040f31c (webtiles) character file.

45 PikkenKukken the Chopper (level 3, -2/31 HPs)
             Began as a Minotaur Gladiator on Sept 25, 2018.
             Slain by an orc wizard
             ... wielding a +0 dagger
              (4 damage)
             ... on level 2 of the Dungeon.
             The game lasted 00:01:33 (1014 turns).

PikkenKukken the Chopper (Minotaur Gladiator)       Turns: 1014, Time: 00:01:34

Health: -2/31      AC:  3    Str: 19    XL:     3   Next: 42%
Magic:  2/2        EV: 13    Int:  5    God:
Gold:   31         SH:  0    Dex: 11    Spells: 2/2 levels left

rFire    . . .     SeeInvis .   a - +0 war axe
rCold    . . .     Gourm    .   (no shield)
rNeg     . . .     Faith    .   b - +0 leather armour
rPois    .         Spirit   .   c - +0 hat
rElec    .         Reflect  .   (no cloak)
rCorr    .         Harm     .   (no gloves)
MR       .....                  (no boots)
Stlth    +.........             (no amulet)
HPRegen  0.10/turn              (no ring)
MPRegen  0.08/turn              (no ring)

@: no status effects
A: retaliatory headbutt, horns 2
a: no special abilities


You were on level 2 of the Dungeon.
You were not hungry.

You visited 1 branch of the dungeon, and saw 2 of its levels.

You collected 31 gold pieces.

Inventory:

Hand Weapons
 a - a +0 war axe (weapon)
Missiles
 d - 3 throwing nets (quivered)
Armour
 b - a +0 leather armour (worn)
 c - a +0 hat (worn)
Comestibles
 f - 4 rations


   Skills:
 + Level 3.0 Fighting
 * Level 4.4 Axes
 - Level 2.0 Throwing
 + Level 1.4 Armour
 + Level 3.6 Dodging


You had 2 spell levels left.
You didn't know any spells.
Your spell library was empty.

Dungeon Overview and Level Annotations

Branches:
Dungeon (2/15)

Altars:
Ru


Innate Abilities, Weirdness & Mutations

You reflexively headbutt those who attack you in melee.
You have a pair of horns on your head.


Message History

Unknown command.
You bump into the rock wall.
Something hits you.
Unknown command.
You bump into the rock wall.
You feel less confused.
You hear some strange, mumbled words.
A magic dart appears from out of thin air!
The magic dart hits you!
* * * LOW HITPOINT WARNING * * *
You closely miss something. Your headbutt misses something.
Something hits you but does no damage.
Unknown command.
You miss something.
You hear some strange, mumbled words.
Something tries to affect you, but you resist.
Something hits you.
* * * LOW HITPOINT WARNING * * *
You aren't carrying any scrolls.
You barely miss something. Something hits you.
You die...

#.##.# .....# ###########
###..####)#.......# .
#.........#...#.#
..#..##.....##.##.######
..#..###....#####......#
.....# ##.#.# #.####.##
..#..# #.#.#####.###...##
..#..#
#.#.....@{##.....## .
#.## ##+########oo......#
###.# ##...## #.#.....##
....###.....##
###.##...##
#.####.......###.....#.##
..###.........##.#...###
....+.........+).o....#
.####.........##.#...##
.# ##.......###.#...#


You could see 2 orcs.

Vanquished Creatures
  An adder (D:2)
  A worm (D:2)
  A leopard gecko (D:1)
  2 orcs (D:2)
  3 hobgoblins
  3 jackals (D:1)
  3 kobolds
  9 bats
  2 frilled lizards (D:1)
  2 goblins (D:1)
  3 rats (D:1)
30 creatures vanquished.

Notes
Turn   | Place    | Note
-------+----------+-------------------------------------------
     0 | D:1      | PikkenKukken the Minotaur Gladiator began the quest for the
                  | Orb.
     0 | D:1      | Reached XP level 1. HP: 18/18 MP: 0/0
    58 | D:1      | Reached XP level 2. HP: 25/25 MP: 1/1
    91 | D:1      | Reached skill level 4 in Axes
   197 | D:1      | Reached skill level 1 in Armour
   576 | D:2      | Found a sacrificial altar of Ru.
   699 | D:2      | Reached XP level 3. HP: 30/30 MP: 2/2
  1014 | D:2      | Slain by an orc wizard

Vault maps used:
D:1:      dpeg_arrival_subterranean_lakeside_camping
D:2:      lemuel_round_altar, old_standard_altar,
          chequers_ecumenical_altar_simple_redux, first_ration,
          minmay_door_square

Skill      XL: |  1  2  3 |
---------------+----------+-----
Axes           | 4 |  4.4
Armour         | 1 |  1.4
Fighting       | 3 |  3.0
Throwing       | |  2.0
Dodging        | |  3.6

Action                   || total
-------------------------++-------
Melee: War axe           ||    54
       Headbutt          ||    13
Armor: Leather armour    ||    13
Dodge: Dodged            ||    48

Table legend:
 A = Non-vault XP
 B = Vault XP
 C = Vault XP percentage of total XP
 D = Non-vault monster count
 E = Vault monster count
 F = Vault count percentage of total count
                 A         B        C        D         E       F
            +---------+---------+-------+---------+---------+-------
      Total |      56 |       9 |  13.8 |      24 |       6 |  20.0
            +---------+---------+-------+---------+---------+-------
        D:1 |      28 |       9 |  24.3 |      17 |       6 |  26.1
        D:2 |      28 |       0 |   0.0 |       7 |       0 |   0.0
            +---------+---------+-------+---------+---------+-------
